 Dungeon Crawl Stone Soup version 0.14-a0-1844-g8283a67 (webtiles) character file.

34 MirrMurr the Sneak (level 2, 0/13 HPs)
             Began as a Spriggan Enchanter on Jan 11, 2014.
             Slain by a kobold
             ... wielding a +0,+0 club
              (3 damage)
             ... on Level 1 of the Dungeon.
             The game lasted 00:02:25 (523 turns).

MirrMurr the Sneak (Spriggan Enchanter)              Turns: 523, Time: 00:02:25

HP   0/13        AC  3     Str  4      XL: 2   Next:  6%
MP   2/7         EV 18     Int 16      God:
Gold 25          SH  0     Dex 16      Spells:  2 memorised,  3 levels left

rFire  . . .     SeeInvis +     a - +1 dagger
rCold  . . .     Clarity  .     b - +1 robe
rNeg   . . .     Conserve .     (shield restricted)
rPois  .         rCorr    .     (helmet restricted)
rElec  .         rRot     .     (no cloak)
SustAb . .       Spirit   .     (gloves unavailable)
rMut   .         Warding  .     (boots unavailable)
Saprov . . .     Stasis   .     (no amulet)
                                (no ring)
                                (no ring)

@: very quick, slightly resistant to hostile enchantments, quite stealthy
A: unfitting armour, see invisible, herbivore 3, speed 3, slow metabolism 2
a: no special abilities


You were on level 1 of the Dungeon.
You were not hungry.

You visited 1 branch of the dungeon, and saw 1 of its levels.

You collected 25 gold pieces.

Inventory:

Hand weapons
 a - a +1,+1 dagger (weapon)
Missiles
 d - 11 darts (quivered)
Armour
 b - a +1 robe (worn)
Comestibles
 k - a bread ration
Scrolls
 h - a scroll of enchant weapon I {unknown}
 i - 2 scrolls of immolation {unknown}
 l - a scroll of remove curse {unknown}
Jewellery
 g - an uncursed ring of protection from magic {unknown}
Potions
 e - a potion of porridge
 f - a potion of agility {unknown}
 m - a potion of curing {unknown}
Books
 c - a book of Maledictions

   Spells                             Type                      Level
   *Corona                            Hexes                        1
   Sure Blade                         Hexes/Charms                 2
   *Ensorcelled Hibernation           Hexes/Ice                    2
   Confuse                            Hexes                        3
   Enslavement                        Hexes                        4
   Invisibility                       Hexes                        6


   Skills:
 - Level 1.1 Short Blades
 - Level 1.1 Throwing
 - Level 3.0 Dodging
 + Level 4.3 Stealth
 - Level 2.6 Spellcasting
 - Level 3.6 Hexes


You had 3 spell levels left.
You knew the following spells:

 Your Spells              Type           Power        Failure   Level  Hunger
a - Ensorcelled Hibernat  Hex/Ice        #.....       17%         2    ##.....
Z - Corona                Hex            ##.....      6%          1    #......


Dungeon Overview and Level Annotations

Branches:
Dungeon (1/16)

Altars:


Innate Abilities, Weirdness & Mutations

You are tiny and cannot use many weapons and most armour.
You have supernaturally acute eyesight.
You are a herbivore.
You cover ground extremely quickly.
You need consume almost no food.


Message History

You closely miss the kobold. The kobold hits you with a club.
You hit the kobold but do no damage. The kobold hits you with a club.
You closely miss the kobold. You hit the kobold.
The kobold is moderately wounded.
The kobold hits you with a club.
* * * LOW HITPOINT WARNING * * *
You hit the kobold.
The kobold is heavily wounded.
The kobold closely misses you.
You closely miss the kobold.
The kobold is heavily wounded.
The kobold misses you.
You closely miss the kobold.
The kobold is heavily wounded.
The kobold hits you but does no damage.
You hit the kobold.
The kobold is severely wounded.
The kobold hits you with a club.
You die...

.........(.((...........%.
###..........############
#....................
#..........####.....#
######..........# #.....#
#..........[....# #.....###
#.####..........####........
#.....(....#........### #
#.....@....#.##.....#
#.####....K.....#.##.....#
##........########.##.....###
...........(....(.......(.....
...........########.##########
.h....[.......................
...###############.##########
#h. ###########.#
.........##.##########


You could see a kobold.

Vanquished Creatures
  A bat (D:1)
  5 jackals (D:1)
  A giant cockroach (D:1)
  A goblin (D:1)
8 creatures vanquished.

Notes
Turn   | Place    | Note
--------------------------------------------------------------
     0 | D:1      | MirrMurr, the Spriggan Enchanter, began the quest for the Orb.
     0 | D:1      | Reached XP level 1. HP: 9/9 MP: 4/4
   338 | D:1      | Reached skill level 4 in Stealth
   381 | D:1      | Reached XP level 2. HP: 8/13 MP: 7/7
   385 | D:1      | Learned a level 2 spell: Ensorcelled Hibernation
   523 | D:1      | Slain by a kobold

Action                   || total
-------------------------++-------
Melee: Dagger            ||    49
Throw: Dart              ||    18
 Cast: Ensorcelled Hiber ||     3
 Stab: Sleeping          ||     1
